AoeStats
← Jahax

Black Forest

509666399Analyzed
4v4 RM · 5d ago on Sep 27, 2026· 43m 18s· 8 players
Game mode
Random Map
Map size
Large (8 player)
Population
200
Speed
Normal
Resources
Standard
Victory
Conquest
Starting age
Dark Age
Ending age
Imperial Age
RankedLock teamsTeams togetherTeam positionsShared explorationLock speedFull tech treeHidden civsTurbo modeCheats
Victory
Defeat
🇬🇧 Bulgarians · United Kingdom
1082
+14
🇨🇦 Khmer · Canada
1074
+14
🇬🇧 Portuguese · United Kingdom
1039
+16
🇩🇪 Danes · Germany
1032
+16
🇹🇼 Danes · Taiwan
1078
-17
🇨🇴 Lithuanians · Colombia
1033
-15
🇬🇧 Inca · United Kingdom
1018
-14
🇷🇴 Koreans · Romania
1009
-14
VIT.DanielCR
10:43 Feudal Age
13:43 Loom
16:26 Castle Age
16:05 Double-Bit Axe
24:07 Wheelbarrow
25:08 Fishing Lines
26:50 Hand Cart
27:20 Forging
27:16 Scale Barding Armor
30:10 Imperial Age
28:30 Bloodlines
28:21 Husbandry
30:01 Iron Casting
31:36 Gillnets
33:04 Chain Barding Armor
TranceAddict95
10:25 Feudal Age
13:20 Loom
16:26 Castle Age
15:35 Double-Bit Axe
15:36 Horse Collar
16:08 Stone Mining
18:55 Bow Saw
32:07 Wheelbarrow
wusung67
0:47 Loom
13:43 Feudal Age
17:42 Castle Age
16:11 Double-Bit Axe
16:08 Horse Collar
16:29 Gold Mining
19:02 Bow Saw
19:25 Heavy Plow
25:32 Wheelbarrow
29:09 Imperial Age
27:48 Forging
27:27 Man-at-Arms
28:46 Hand Cart
29:00 Long Swordsman
29:28 Gambesons
30:19 Iron Casting
29:45 Scale Mail Armor
29:58 Squires
29:44 Arson
29:53 Fletching
30:29 Conscription
29:49 Two-Handed Swordsman
32:34 Blast Furnace
32:03 Chain Mail Armor
32:14 Stone Mining
33:01 Gold Shaft Mining
31:55 Pikeman
34:01 Ballistics
33:37 Murder Holes
33:10 Northmen's Fury
33:34 Halberdier
36:30 Onager
37:15 Champion
38:02 Scale Barding Armor
38:23 Bodkin Arrow
39:04 Siege Onager
39:58 Siege Onager
40:47 Siege Onager
Horahlooks
0:26 Loom
12:46 Feudal Age
14:14 Horse Collar
14:22 Double-Bit Axe
17:31 Castle Age
15:16 Fishing Lines
18:58 Bow Saw
24:01 Champi Runner
Jahax
0:47 Loom
12:29 Feudal Age
15:10 Castle Age
13:33 Double-Bit Axe
13:52 Horse Collar
16:19 Bow Saw
20:11 Heavy Plow
22:24 Fortified Wall
23:56 Wheelbarrow
23:41 Gold Mining
24:56 Hand Cart
26:03 Gold Shaft Mining
25:19 Stone Mining
26:30 Stone Shaft Mining
31:15 Imperial Age
31:51 Ballistics
31:43 Masonry
33:02 Chemistry
33:25 Siege Engineers
33:36 Heavy Scorpion
35:25 Architecture
35:19 Conscription
35:51 Scale Mail Armor
36:01 Forging
36:23 Double Crossbow
36:38 Pikeman
37:03 Arson
37:35 Chain Mail Armor
37:55 Iron Casting
37:43 Halberdier
40:57 Blast Furnace
41:46 Capped Ram
42:34 Scale Barding Armor
42:20 Fletching
Mel McAll
7:49 Loom
9:52 Feudal Age
12:07 Double-Bit Axe
13:12 Double-Bit Axe
16:25 Castle Age
16:19 Horse Collar
16:50 Stone Mining
17:31 Bow Saw
18:58 Heavy Plow
22:04 Wheelbarrow
27:02 Hand Cart
27:11 Bloodlines
27:02 Husbandry
26:23 Light Cavalry
31:38 Imperial Age
29:18 Scale Barding Armor
29:24 Forging
30:31 Fletching
30:52 Padded Archer Armor
31:44 Chain Barding Armor
35:02 Plate Barding Armor
35:03 Iron Casting
35:09 Bodkin Arrow
35:29 Leather Archer Armor
36:06 Cavalier
37:18 Treadmill Crane
39:31 Chemistry
38:52 Ballistics
40:11 Onager
[̲̅G̲̅U̲̅Y̲̅]
1:39 Loom
12:19 Feudal Age
14:06 Horse Collar
14:14 Double-Bit Axe
16:38 Castle Age
15:35 Fletching
15:34 Double-Bit Axe
15:51 Town Watch
17:37 Arson
19:19 Gambesons
25:04 Gold Mining
26:41 Gold Shaft Mining
26:26 Stone Mining
26:40 Heavy Plow
27:22 Wheelbarrow
31:39 Imperial Age
31:03 Hand Cart
30:46 Bodkin Arrow
31:02 Forging
30:52 Padded Archer Armor
31:19 Pikeman
31:59 Squires
32:05 Scale Mail Armor
32:10 Scale Barding Armor
31:42 Capped Ram
32:47 Siege Ram
34:20 Halberdier
35:18 Chain Mail Armor
35:38 Iron Casting
35:54 Conscription
38:01 Siege Engineers
37:52 Murder Holes
41:08 Bagains
41:47 Iron Casting
41:42 Plate Mail Armor
Ralphiii
1:24 Loom
11:53 Feudal Age
15:56 Castle Age
14:03 Double-Bit Axe
14:03 Horse Collar
16:54 Fletching
19:38 Arson
22:14 Scale Mail Armor
26:32 Heavy Plow
26:50 Hamask
28:41 Wheelbarrow
30:01 Squires
33:55 Imperial Age
31:14 Town Watch
31:44 Gold Mining
34:18 Hand Cart
38:39 Chain Mail Armor
38:34 Forging
37:50 Elite Varangian Guard
38:22 Gambesons
39:12 Bow Saw
40:06 Plate Mail Armor
40:12 Iron Casting
40:12 Conscription
41:12 Gold Shaft Mining
42:17 Blast Furnace
Connection lost

Rejoining the realm…

Still unreachable

The connection could not be restored.

Session expired

The server has moved on; the page needs a fresh start.